Description

Standard TvT build

Replay - New Repugnancy LE (21)

Build Order

Get SALT Encoding   

  12  0:01  SCV  
  13  0:13  SCV  
  14  0:18  Supply Depot  
  14  0:26  SCV  
  14  0:27  Refinery  
  15  0:39  SCV  
  16  0:44  Barracks  
  16  0:51  SCV  
  17  1:03  SCV  
  18  1:15  SCV  
  19  1:31  Orbital Command, Reaper  
  20  1:45  Command Center  
  20  1:57  Factory  
  20  1:58  SCV  
  21  2:05  Barracks Reactor  
  21  2:10  SCV  
  21  2:13  Supply Depot  
  22  2:22  Refinery, SCV  
  24  2:43  Starport  
  23  2:48  Hellion x2  
  28  2:51  Barracks Tech Lab  
  29  3:09  Hellion x2  
  34  3:16  Orbital Command  
  35  3:28  Raven  
  37  3:34  Supply Depot  
  37  3:39  Marine x2  
  40  3:43  Factory Tech Lab  
  41  3:50  Refinery  
  43  3:57  Marine x2  
  46  4:03  Siege Tank  
  46  4:22  Marine  
  49  4:27  Marine  
  49  4:28  Raven  
  52  4:38  Supply Depot  
  52  4:40  Marine  
  54  4:48  Supply Depot  
  54  4:59  Marine x2  
  54  5:00  Siege Tank  
  54  5:02  Command Center  
  54  5:05  Refinery  
  64  5:31  Viking x2  
  64  5:34  Siege Tank  
  71  5:37  Marine  
  71  5:38  Stimpack  
  76  5:55  Engineering Bay x2  
  77  6:01  Viking x2  
  83  6:14  Siege Tank  
  89  6:31  Viking x2  
  95  6:42  Orbital Command  
  96  6:59  Barracks x4  
  97  7:05  Viking x2  
Spawning Tool Build Advisor. Get it on Overwolf

Go to:

Details

  • Created by: Aggression
  • Published on: Mar 14, 2019
  • Modified on: Mar 14, 2019
  • Patch: 4.7.1
Show
View Real Time Build Order
Export as new Build Order

Comments (0)

There are no comments. Be the first!

Create an account to comment!